[Event "Aktobe Open 2022"]
[Site "Aktobe"]
[Date "2022.06.18"]
[Round "6.1"]
[White "Utegaliyev, Azamat"]
[Black "Ponkratov, Pavel"]
[Result "1/2-1/2"]
[ECO "C55"]
[WhiteElo "2463"]
[BlackElo "2624"]
[Annotator "TA"]
[PlyCount "78"]
[EventDate "2022.06.14"]
[EventType "swiss"]
[EventCountry "KAZ"]
[SourceTitle "playchess.com"]
[Source "ChessBase"]
[SourceQuality "1"]
[TimeControl "5400+30"]

1. e4 e5 2. Bc4 Nf6 3. d3 Nc6 4. Nc3 Na5 5. Bb3 Nxb3 6. axb3 Be7 7. Nf3 d6 8. d4 {[%emt 0:00:17] [#] C55: Two Knights: 4 d3, 4 d4 exd4 5 e5 and Max Lange Attack.} Nd7 $146 ({Predecessor:} 8... exd4 9. Qxd4 a6 10. Bg5 O-O 11. O-O-O Be6 12. e5 dxe5 13. Qxe5 Qc8 14. Qg3 c5 15. Rhe1 b5 {1-0 (34) Vysochin,S (2497)-Vetoshko,V (2506) Omelnyk 2019}) 9. O-O c6 10. Be3 {[%emt 0:04:13] White is slightly better.} O-O 11. Qd3 Qc7 12. b4 a6 13. b5 cxb5 14. Nd5 Qd8 15. Rfd1 {[%emt 0:05:15] 0x0.002229471662dp-1022s more active pieces. The black rooks are badly placed.} Bf6 (15... Nf6 $11 {keeps the balance.}) 16. Qa3 ({White should play} 16. dxe5 $16 Bxe5 17. Qb3 (17. Nxe5 Nxe5 18. Qd4 Bg4 $11)) 16... exd4 $14 17. Bxd4 Bxd4 18. Rxd4 Nb6 19. Nxb6 (19. Ne3 {with more complications.} Be6 20. Rad1 Qc7 21. Rxd6 Rad8 22. Ng5) 19... Qxb6 20. Qxd6 Qxd6 21. Rxd6 Re8 22. Nd4 Be6 23. Rd1 Kf8 24. c3 ({Of course not} 24. Nxe6+ Rxe6 25. Rxe6 fxe6 $14) 24... Rac8 25. f3 Rc7 26. Kf2 Bc8 27. g4 g6 28. h4 Ke7 29. Ne2 Rd7 30. Rxd7+ Bxd7 $16 {[%emt 0:00:06][%mdl 4096] Endgame KRB-KRN} 31. Nf4 {[%emt 0:00:14] [#] Black must now prevent Nd5+.} Be6 32. Nd5+ Bxd5 33. Rxd5 $14 {[%emt 0:00:04] And now Re5+ would win. KR-KR} Rc8 34. Ke3 Rc4 35. Kd3 (35. Rd4 $14) 35... Ra4 $11 {[%emt 0:01:28] The position is equal.} 36. Rc5 {[%emt 0:00:26] Hoping for Rc7+.} Kd7 {[%emt 0:00:05] Inhibits Rc7+.} 37. Rd5+ Ke7 38. Rc5 {[%emt 0:00:23] Strongly threatening Rc7+.} Kd7 {[%emt 0:00:04] Inhibits Rc7+.} 39. Rd5+ Ke7 {[%emt 0:00:04] Weighted Error Value: White=0.09 (flawless) /Black=0.11 (very precise)} 1/2-1/2

[Event "Aktobe Open 2022"]
[Site "Aktobe"]
[Date "2022.06.18"]
[Round "6.2"]
[White "Sivuk, Vitaly"]
[Black "Agmanov, Zhandos"]
[Result "0-1"]
[ECO "E06"]
[WhiteElo "2529"]
[BlackElo "2420"]
[Annotator "TA"]
[PlyCount "196"]
[EventDate "2022.06.14"]
[EventType "swiss"]
[EventCountry "KAZ"]
[SourceTitle "playchess.com"]
[Source "ChessBase"]
[SourceQuality "1"]
[TimeControl "5400+30"]

1. d4 Nf6 2. c4 e6 3. g3 d5 4. Bg2 Be7 5. Nf3 O-O 6. O-O c6 7. Nbd2 b6 8. b3 {[%emt 0:01:01] E06: Closed Catalan: Early deviations.} c5 9. Bb2 {[%emt 0:01:49] [#]} Nc6 $146 ({Predecessor:} 9... Bb7 10. Ne5 Nc6 11. cxd5 exd5 12. Ndf3 Nxe5 13. Nxe5 Ne4 14. Rc1 Rc8 15. Kh1 f6 {½-½ (42) Watson,J (1696)-Spencer,D (2022) England 2016}) 10. cxd5 {[%emt 0:05:24] The position is equal.} exd5 11. Rc1 Re8 12. Ne5 Nxd4 13. Bxd4 cxd4 14. Nc6 Qd7 15. Nf3 Ba3 16. Rc2 Bb7 {[%emt 0:01:49] This bishop pair is nice.} 17. Ncxd4 Ne4 18. Qd3 a6 19. Rb1 Bf8 20. Rbc1 Rac8 {[%emt 0:00:30] Inhibits Rc7.} 21. e3 Ba3 22. Rxc8 Rxc8 23. Rc2 Bd6 24. Nd2 Nxd2 (24... Nf6 $11) 25. Rxd2 Rc1+ 26. Rd1 Rxd1+ 27. Qxd1 g6 28. Qd3 Be5 29. Ne2 Qd6 30. h4 Kg7 31. a4 Qc5 32. h5 a5 33. Kh2 Bc6 34. f4 Bf6 35. g4 h6 {[%emt 0:01:37] Against g5} 36. hxg6 fxg6 37. Ng3 Qc3 38. Qxc3 Bxc3 $15 {[%emt 0:00:05][%mdl 4096] Endgame KBB-KBN} 39. Kg1 Bb4 (39... Bd7 $5 40. Bxd5 Bxg4 $15) 40. Kf2 Bc5 41. f5 (41. Bf3 $11 {remains equal.}) 41... Kf6 42. Bf3 gxf5 $1 43. Nxf5 h5 {[%emt 0:00:15] White must now prevent ...hxg4.} 44. Ng3 hxg4 (44... h4 $5 45. Nf5 Kg5 $17) 45. Bxg4 Ke5 46. Ke2 $1 Be8 47. Bf5 Bf7 48. Bc2 Be6 49. Kd2 Bb4+ 50. Kc1 Bg4 51. Bd3 d4 52. exd4+ Kxd4 53. Bc4 (53. Bh7 $15) 53... Be1 $1 $19 54. Ne2+ Ke3 55. Kd1 Bd2 56. Bb5 Bh5 57. Bc4 Bf3 58. Bb5 Bb4 59. Bc4 Ba3 60. Bb5 Bd5 (60... Bd6 $19 61. Ba6 Be7) 61. Nc1 $17 Be4 62. Bc4 Bb2 63. Ne2 Be5 {[%emt 0:00:30] Strongly threatening ...Bd3.} 64. Nc1 {[%emt 0:00:44] Inhibits Bd3.} Bf5 {[%emt 0:00:27] Black is more active.} 65. Bb5 Kd4 {[%emt 0:00:28] Threatens to win with ...Kc3.} 66. Ne2+ Kc5 $1 67. Bc4 {[%emt 0:00:22] [#]} Kb4 $1 68. Kd2 Bg7 69. Bf7 Bh6+ 70. Kd1 Be3 {[%emt 0:00:28] Inhibits Nd4.} 71. Bc4 {[%emt 0:01:29] Against Bd3} Bg6 72. Bd5 (72. Be6 $17 {is the only way for White.}) 72... Bd3 73. Be6 Ka3 {[%emt 0:00:42] Hoping for ...Kb2.} 74. Nc1 $2 (74. Nc3) 74... Bg6 $19 75. Bc4 {[%emt 0:01:06] [#]} Kb2 $1 76. Nd3+ Kc3 77. Ke2 Bg5 78. Ne1 Bb1 79. Nf3 Bf4 80. Ne1 Ba2 81. Nd3 Bc7 (81... Bh6 $142 82. Ne5 Bg7) 82. Nc1 Bb1 83. Ke3 Be5 84. Ne2+ Kb2 {[%emt 0:00:06] ...Bc2 is the strong threat.} 85. Ng1 (85. Nd4 $142 Ba2 86. Nc6) 85... Bc2 86. Nf3 Bc3 87. Ng5 Bxb3 88. Bb5 Ka3 89. Kd3 Bb4 90. Nf3 Bxa4 91. Ba6 Kb2 92. Kc4 Bd1 93. Nd4 Bc5 94. Nb5 Be2+ 95. Kd5 a4 {[%emt 0:00:32][%cal Ba5a4,Ba4a3][%mdl 32] Black mates.} 96. Nc3 Kxc3 97. Bxe2 a3 98. Bc4 Kb2 {[%emt 0:04:31] Weighted Error Value: White=0.08 (flawless) /Black=0.06 (flawless)} 0-1

[Event "Aktobe Open 2022"]
[Site "Aktobe"]
[Date "2022.06.18"]
[Round "6.3"]
[White "Volkov, Sergey"]
[Black "Nesterov, Arseniy"]
[Result "1/2-1/2"]
[ECO "D41"]
[WhiteElo "2510"]
[BlackElo "2569"]
[Annotator "TA"]
[PlyCount "212"]
[EventDate "2022.06.14"]
[EventType "swiss"]
[EventCountry "KAZ"]
[SourceTitle "playchess.com"]
[Source "ChessBase"]
[SourceQuality "1"]
[TimeControl "5400+30"]

1. d4 d5 2. c4 e6 3. Nc3 Nf6 4. cxd5 Nxd5 5. e4 Nxc3 6. bxc3 c5 7. Nf3 cxd4 8. cxd4 Bb4+ 9. Bd2 Bxd2+ 10. Qxd2 O-O 11. Rd1 b6 12. Bd3 Bb7 13. O-O Nd7 14. Qf4 Rc8 15. e5 h6 16. Nd2 {[%emt 0:00:55] [#]} Qg5 (16... Nc5 $1 $15 17. Bc2 Qd5) 17. Qxg5 $11 hxg5 18. Nc4 Ba6 19. Nxb6 Nxb6 (19... Bxd3 20. Nxc8 (20. Nxd7 $2 Bxf1 21. Nxf8 Be2 $19) 20... Bxf1 21. Ne7+ Kh7 22. Kxf1 $16 (22. Rxf1 Re8 $14)) 20. Bxa6 Rc2 21. a3 Rc3 22. Ra1 Rd8 23. Rfd1 Rd5 24. a4 Nc4 25. Bb7 (25. h3 $14) 25... Ra5 $11 26. Rdb1 Nb6 27. Rb4 Rxa4 28. Rbxa4 Nxa4 29. h4 Rc4 30. hxg5 Rxd4 31. Bc6 Nb6 32. Rxa7 Nc4 33. f4 Rxf4 34. Ra4 Nxe5 35. Rxf4 Nxc6 36. g6 fxg6 (36... f5 $11) 37. Kf2 $16 Ne7 38. Ke2 (38. Kg3 $16) 38... Nd5 $14 39. Rf2 Nf6 (39... g5 $14) 40. Kd3 (40. Kf3 $1 $16) 40... e5 (40... Kf7 $14) 41. Ra2 Nd5 42. Rf2 Nf6 43. Rb2 Kh7 44. Rb5 Ng4 $1 45. Ke4 Kh6 46. Rb7 g5 47. Re7 Kg6 48. Re6+ Kh5 49. Kf3 Nh2+ ({Black should try} 49... Kh4 $14) 50. Kg3 $16 Nf1+ 51. Kf2 Nh2 52. Re8 Ng4+ 53. Kg3 Nf6 54. Rxe5 Kg6 55. Kf3 Kh6 56. Ra5 Kg6 57. Ra7 Kh6 58. Ke3 Kg6 59. Kd4 Kh6 60. Ke5 Ng4+ 61. Ke4 Kg6 62. Ra6+ Kh5 63. Re6 Nf6+ 64. Kf5 (64. Kf3 $16) 64... Ng4 $11 65. Re7 Nh6+ 66. Ke4 Kg4 $1 67. Re5 g6 (67... Nf7 $11 68. Rd5 g6) 68. Ke3 $16 Nf5+ 69. Kf2 Kh5 70. Re8 g4 71. Ra8 Kg5 72. Ra3 Kh4 73. Ke2 Kg5 74. Ra6 Kf4 75. Ra4+ ({Of course not} 75. Rxg6 $6 Kg3 $11) (75. Kf1 $16) 75... Kg3 $14 76. Kf1 Kh4 ({Resist} 76... Ne3+ 77. Kg1 $16) (76... Kh2 $1 $14) 77. Kf2 $16 Kg5 78. Ra6 Kh5 79. Ke2 Kg5 80. Rb6 Kf4 81. Kf1 ({Much weaker is} 81. Rxg6 $6 Kg3 $11) 81... Kg5 82. Kf2 Kh5 83. Rb3 Kg5 84. Rd3 Kf4 85. Ke2 Kg5 86. g3 Ng7 87. Ke3 Nh5 88. Rd5+ Kf6 89. Kf2 Ng7 90. Rd4 Kg5 91. Rd3 Nh5 92. Ke2 (92. Ra3 $16) 92... Kf5 (92... Ng7 $1 $11) 93. Re3 Kg5 94. Kd3 Kf5 {[%emt 0:00:21] [#]} 95. Kd4 ({White should play} 95. Kd2 $1 $16) 95... Kf6 (95... Nxg3 $1 $11 96. Rxg3 Kf4) 96. Ke4 $16 Ke6 97. Rb3 Kf6 98. Ra3 Kg5 {[%emt 0:00:47] [#]} (98... Ke6 $1 $11 {keeps the balance.}) 99. Ke5 $1 $16 Ng7 100. Ra5 (100. Ra1 $16) 100... Nh5 $1 $11 101. Ke6+ Kh6 102. Ra3 Kg5 103. Kf7 Nxg3 104. Rxg3 Kf4 105. Rg1 g3 106. Kxg6 Kf3 1/2-1/2

[Event "Aktobe Open 2022"]
[Site "Aktobe"]
[Date "2022.06.18"]
[Round "6.4"]
[White "Dauletova, Gulmira"]
[Black "Vakhidov, Jakhongir"]
[Result "0-1"]
[ECO "B53"]
[WhiteElo "2220"]
[BlackElo "2552"]
[Annotator "TA"]
[PlyCount "88"]
[EventDate "2022.06.14"]
[EventType "swiss"]
[EventCountry "KAZ"]
[SourceTitle "playchess.com"]
[Source "ChessBase"]
[SourceQuality "1"]
[TimeControl "5400+30"]

1. e4 c5 2. Nf3 d6 3. d4 cxd4 4. Qxd4 Nf6 5. c4 Nc6 6. Qe3 {[%emt 0:00:29] B53: Sicilian: 2...d6: Lines with Qxd4.} Bg4 7. Be2 g6 8. O-O {[%emt 0:00:45] The position is equal.} Bg7 9. Nc3 O-O 10. Rd1 Qb6 11. Rb1 Rfc8 12. b3 Nd7 {[%emt 0:01:55] [#] And now ...Qxe3 would win.} 13. Nd5 $146 ({Predecessor:} 13. Qd2 Qa5 14. Bb2 a6 15. a3 Bxf3 16. Bxf3 Nd4 17. Nd5 Nxf3+ 18. gxf3 Qd8 19. Qg5 Bxb2 20. Rxb2 {½-½ (30) Shankland,S (2671)-Xiong,J (2665) Saint Louis 2018}) 13... Qxe3 14. Nxe3 Bxf3 15. Bxf3 Nc5 16. Bg4 e6 17. f3 (17. Bf3 $11 {remains equal.}) 17... Nb4 18. Rd2 Nbd3 {[%emt 0:14:15] Prevents Bb2.} (18... h5 $17 {Threatens to win with ...Bh6.} 19. Bh3 Bh6) 19. Re2 {[%emt 0:03:33] White is now going downhill.} (19. Ba3 $15) 19... h5 $17 20. Bh3 Nf4 $36 {[%emt 0:00:15][%mdl 2048] White is under strong pressure. Pair of Knights!} 21. Rc2 Ncd3 22. Kf1 a5 (22... Bd4 23. Nd5 exd5 24. Bxf4 Nxf4 25. Bxc8 Rxc8 26. Rd1 $15) 23. a4 Nxc1 {[%emt 0:06:17] 0x0.000bd5decb01dp-1022s more active pieces.} (23... Bd4 24. Nd5 exd5 25. Bxc8 Rxc8 26. g3 $15) 24. Rbxc1 Rc6 (24... Bd4 25. Nd5 exd5 26. Bxc8 Rxc8 27. Rd1 $15) 25. Rd2 {[%emt 0:04:07] Inhibits Bd4.} Raa6 26. c5 {[%emt 0:01:30] Against Rab6} (26. Rdd1 $17) 26... Bh6 $19 ({Worse is} 26... dxc5 27. Rd8+ Kh7 28. Rd7 $15) (26... Rxc5 27. Rxc5 dxc5 28. Rd8+ Kh7 29. Nc4 $17) 27. Kf2 Kg7 ({Inferior is} 27... Rxc5 28. Rxc5 Nxh3+ 29. gxh3 $17) ({Don't go for} 27... dxc5 $2 28. Rdd1) 28. e5 $2 (28. Rdd1) 28... dxc5 {[%emt 0:01:52][%cal Of4d5] aiming for ...Nd5!} 29. Rc3 $2 (29. Rd8 {was called for.}) 29... Nd5 {[%emt 0:00:16] Black is clearly winning.} 30. Nxd5 Bxd2 31. Rd3 Bg5 32. Nc3 Bf4 33. Rd7 Bxe5 34. Ne4 Rc7 35. Rd2 Rb6 36. Rd3 c4 37. bxc4 Rxc4 38. g3 Rxa4 {[%emt 0:01:42] White must now prevent ...Rb2+.} 39. Ke3 Rc6 40. f4 Bc7 41. Ng5 Bb6+ 42. Kf3 Rc2 43. Ne4 {[%emt 0:01:27] Inhibits Rf2+.} Rxh2 {[%emt 0:00:10] ( -> ...f5)} 44. Bg2 {[%emt 0:00:49] [#]} Rxg2 $1 {[%emt 0:01:01] Weighted Error Value: White=0.48/Black=0.12 (very precise)} 0-1

[Event "Aktobe Open 2022"]
[Site "Aktobe"]
[Date "2022.06.18"]
[Round "6.5"]
[White "Rychagov, Andrey"]
[Black "Sadubayev, Airat"]
[Result "1-0"]
[ECO "D66"]
[WhiteElo "2549"]
[BlackElo "2317"]
[Annotator "TA"]
[PlyCount "55"]
[EventDate "2022.06.14"]
[EventType "swiss"]
[EventCountry "KAZ"]
[SourceTitle "playchess.com"]
[Source "ChessBase"]
[SourceQuality "1"]
[TimeControl "5400+30"]

1. d4 d5 2. c4 e6 3. Nf3 Nf6 4. Bg5 c6 5. e3 Nbd7 6. Nc3 Be7 7. Bd3 h6 8. Bh4 dxc4 9. Bxc4 b5 10. Bd3 Bb7 11. O-O O-O 12. Rc1 Rc8 13. Qe2 {[%emt 0:20:02] D66: Queen's Gambit Declined: Classical: Main Line (7 Rc1 c6 8 Bd3).} b4 14. Bxf6 gxf6 15. Na4 {[%emt 0:02:35] The position is equal.} Qa5 $1 {[%emt 0:01:40] [#] Inhibits Ba6.} 16. b3 $146 ({Predecessor:} 16. Nc5 Bxc5 17. dxc5 Nxc5 18. Bb1 Rfd8 19. Nd4 Na4 20. Rfd1 Kf8 21. Be4 Ba8 22. Bxc6 Bxc6 23. Nxc6 Rxd1+ 24. Qxd1 Qb5 {½-½ (24) Dixon,D (2366)-Doppelhammer,H (2373) ICCF email 2021}) 16... c5 17. Bb5 Rfd8 18. e4 a6 (18... cxd4 $15 {stays ahead.} 19. Rxc8 Bxc8) 19. Bxd7 $16 {[%emt 0:01:46] White is more active.} Rxd7 {[%emt 0:00:06] [#]} 20. d5 {[%emt 0:00:57] Hoping for Nd2.} exd5 (20... Kh7 $142) 21. Ne5 Rdd8 $2 {[%emt 0:05:20] Loses the game.} (21... fxe5 $16 22. Qg4+ Bg5) 22. Qg4+ Kh7 23. Nxf7 {[%emt 0:00:39] Pair of Knights!} Rg8 24. Qf5+ Kg7 $2 {[%emt 0:00:06] [#]} (24... Rg6 25. exd5 Kg7) 25. Qh5 $18 {[%emt 0:01:10] White is clearly winning.} Qc7 26. Nxh6 Qf4 27. Nxg8 Rxg8 28. g3 {[%emt 0:01:17] Weighted Error Value: White=0.17 (very precise) /Black=0.72} 1-0

[Event "Aktobe Open 2022"]
[Site "Aktobe"]
[Date "2022.06.18"]
[Round "6.6"]
[White "Vokhidov, Shamsiddin"]
[Black "Nogerbek, Kazybek"]
[Result "1/2-1/2"]
[ECO "B36"]
[WhiteElo "2536"]
[BlackElo "2424"]
[Annotator "TA"]
[PlyCount "43"]
[EventDate "2022.06.14"]
[EventType "swiss"]
[EventCountry "KAZ"]
[SourceTitle "playchess.com"]
[Source "ChessBase"]
[SourceQuality "1"]
[TimeControl "5400+30"]

1. e4 c5 2. Nf3 g6 3. d4 cxd4 4. Nxd4 Nc6 5. c4 Nf6 6. Nc3 Nxd4 7. Qxd4 d6 8. Be3 Bg7 9. Be2 O-O 10. Qd3 a5 $1 {[%emt 0:03:33][%mdl 4] now scores much better than the old 10...Be6. B36: Sicilian: Maroczy Bind: Gurgenidze System.} 11. O-O a4 12. Rab1 Be6 {[%emt 0:04:33] [#] White has an edge.} 13. Bd4 $146 ({Predecessor:} 13. b3 a3 14. Nb5 Bd7 15. Nd4 Bc6 16. f3 Nd7 17. b4 Qc7 18. Rb3 Ra4 19. Nc2 {0-1 (51) Theocharous,S (1862)-Isaakidis,A (1806) Nicosia 2015}) 13... Nd7 14. Bxg7 Kxg7 15. Nb5 Nc5 (15... Qb6 $5 ) 16. Qd4+ f6 17. f4 Qb6 {[%emt 0:04:58] The position is equal.} 18. Rfd1 Bd7 19. Nc3 Bc6 20. Qe3 Nd7 21. Qxb6 Nxb6 22. Rbc1 {[%emt 0:09:32] Weighted Error Value: White=0.07 (flawless) /Black=0.06 (flawless)} 1/2-1/2

[Event "Aktobe Open 2022"]
[Site "Aktobe"]
[Date "2022.06.18"]
[Round "6.7"]
[White "Afanasiev, Nikita"]
[Black "Ansat, Aldiyar"]
[Result "1/2-1/2"]
[ECO "D20"]
[WhiteElo "2567"]
[BlackElo "2314"]
[Annotator "TA"]
[PlyCount "69"]
[EventDate "2022.06.14"]
[EventType "swiss"]
[EventCountry "KAZ"]
[SourceTitle "playchess.com"]
[Source "ChessBase"]
[SourceQuality "1"]
[TimeControl "5400+30"]

1. d4 d5 2. c4 dxc4 3. e4 c5 4. d5 Nf6 5. Nc3 e6 6. Bxc4 exd5 7. exd5 a6 8. a4 Bd6 {[%emt 0:00:34] D20: Queen's Gambit Accepted: 3 e3 and 3 e4.} 9. Qe2+ Qe7 10. Qxe7+ Kxe7 11. Bg5 h6 12. Bh4 Bf5 13. Nf3 Nbd7 14. O-O Rhe8 {[%emt 0:04:12] [#]} 15. Nd2 $146 ({Predecessor:} 15. Bg3 Bxg3 16. fxg3 Kd6 17. Nd2 Bg6 18. h3 Rad8 19. a5 Ne5 20. b3 Nd3 21. Bxd3 Bxd3 {1-0 (43) Stone,R (2355)-Cifuentes Parada,R (2535) Groningen 1991}) 15... Bf4 16. Nb3 (16. Nde4 $5) 16... b6 17. d6+ ({Better is} 17. Rfe1+ $11 Kd6 18. Rxe8 Nxe8 19. Bg3 Bxg3 20. hxg3) 17... Bxd6 (17... Kf8 $15) 18. Nd5+ $11 {[%emt 0:00:42] The position is equal.} Kf8 19. Bxf6 Nxf6 20. Nxb6 {[%emt 0:03:47] Pair of Knights!} Rab8 21. a5 Bc7 22. Nxc5 Bxb6 23. axb6 Rxb6 24. b3 Ne4 25. Nxa6 Nd2 26. Nc7 Rc8 27. Nd5 Rbb8 28. Rfe1 Nxc4 29. bxc4 Rxc4 30. f3 (30. Ne3 $5 Rc5 31. Nxf5 Rxf5 32. f3 $11) 30... Be6 31. Ne3 Rd4 32. Re2 g5 33. Kf2 Kg7 34. g3 Rb3 35. Rd1 {[%emt 0:00:44] Weighted Error Value: White=0.07 (flawless) /Black=0.06 (flawless)} 1/2-1/2

[Event "Aktobe Open 2022"]
[Site "Aktobe"]
[Date "2022.06.18"]
[Round "6.10"]
[White "Kostenko, Petr"]
[Black "Serikbay, Assel"]
[Result "1-0"]
[ECO "D00"]
[WhiteElo "2416"]
[BlackElo "2238"]
[Annotator "TA"]
[PlyCount "95"]
[EventDate "2022.06.14"]
[EventType "swiss"]
[EventCountry "KAZ"]
[SourceTitle "playchess.com"]
[Source "ChessBase"]
[SourceQuality "1"]
[TimeControl "5400+30"]

1. d4 Nf6 2. Bf4 d5 3. e3 c5 4. dxc5 Qa5+ 5. Nd2 {[%emt 0:00:29] [#]} Nbd7 $146 ({Predecessor:} 5... Nc6 6. Ngf3 Qxc5 7. a3 Qb6 8. b4 g6 9. c4 Bg7 10. Rc1 dxc4 11. Bxc4 Nh5 {½-½ (62) Zhou,J (2608)-Lagno,K (2549) Changsha 2019}) 6. a3 {[%emt 0:00:42] Hoping for b4. D00: 1 d4 d5: Unusual lines.} Qxc5 7. Ngf3 {[%emt 0:00:10] Inhibits e5.} e6 8. c4 {[%emt 0:00:53] White is slightly better.} Bd6 9. b4 Qc7 10. cxd5 $1 Bxf4 11. dxe6 (11. exf4 $6 exd5 12. g3 O-O $11) 11... fxe6 12. Rc1 $36 {[%emt 0:01:07][%mdl 2048] White has strong initiative.} (12. exf4 Qxf4 13. g3 Qh6 $16) 12... Qd6 13. exf4 Qxf4 14. g3 Qf5 15. Bg2 Qd3 16. Nc4 Qxd1+ 17. Rxd1 O-O 18. O-O Nd5 19. Rfe1 N7b6 20. Na5 Na4 (20... Nc7 $16 21. Ne5 Nbd5) 21. Ng5 Nac3 22. Rd3 Rf6 23. f4 h6 24. Ne4 Nxe4 25. Bxe4 Rb8 26. Rc1 Bd7 27. f5 {[%emt 0:06:29] Threatens to win with fxe6.} Bb5 28. Rd2 ({White should try} 28. Rf3 $16) 28... Ne3 $11 29. Rc3 Nxf5 (29... exf5 $11 30. Bf3 b6) 30. Nxb7 $14 Rbf8 {[%emt 0:03:29][%cal Of5d4] [#]} 31. Nc5 {[%emt 0:01:19] White is more active.} (31. Rf3 $1 $16) 31... Nd4 $1 $11 {[%emt 0:01:57] Strongly threatening ...Ne2+.} 32. Bg2 Ne2+ 33. Rxe2 $1 Bxe2 34. Nd7 Rd8 35. Nxf6+ gxf6 {[%emt 0:00:01][%mdl 4096] Endgame KRB-KRB} 36. Rc6 Re8 (36... Bb5 $11 {remains equal.} 37. Rc5 (37. Rxe6 Rd1+ 38. Kf2 Rd2+ 39. Kg1 Rd1+ 40. Kf2 Rd2+ 41. Kg1 Rd1+ $11) 37... a6) 37. Rc7 a6 38. Kf2 Bb5 39. Bc6 Rb8 40. Ke3 Bf1 41. Re7 Rb6 $2 {[%emt 0:00:55] Black cannot hold the game after this.} (41... e5 $16 {might work better.}) 42. Rxe6 $18 Kf7 43. Rd6 {[%emt 0:00:04] aiming for Bd5+.} Ke7 44. Rd7+ Ke6 {[%emt 0:00:03] [#]} 45. Ba4 a5 46. Rd1 ({Don't do} 46. bxa5 Ra6 47. Rh7 (47. Rd1 Bg2 $18) 47... Rxa5 $18) 46... Bc4 $2 (46... Bg2 47. Rd2 (47. bxa5 Ra6 $18) 47... Bh1) 47. Kd4 Ba6 (47... axb4 $142 48. Kxc4 bxa3) 48. Kc5 {[%emt 0:08:38] Weighted Error Value: White=0.10 (very precise) /Black=0.23 (precise)} 1-0

[Event "Aktobe Open 2022"]
[Site "Aktobe"]
[Date "2022.06.18"]
[Round "7.1"]
[White "Agmanov, Zhandos"]
[Black "Rychagov, Andrey"]
[Result "1/2-1/2"]
[ECO "C09"]
[WhiteElo "2420"]
[BlackElo "2549"]
[Annotator "TA"]
[PlyCount "44"]
[EventDate "2022.06.14"]
[EventType "swiss"]
[EventCountry "KAZ"]
[SourceTitle "playchess.com"]
[Source "ChessBase"]
[SourceQuality "1"]
[TimeControl "5400+30"]

1. e4 e6 2. d4 d5 3. Nd2 c5 4. exd5 exd5 5. Ngf3 Nc6 6. Bb5 Bd6 7. dxc5 Bxc5 8. Nb3 Bd6 9. O-O Nge7 10. c3 O-O 11. Bd3 {[%emt 0:00:29] [#] 11.h3 is the hot move.} {Predecessor:} h6 $146 {C09: French Tarrasch: 3...c5 4 exd5 exd5 5 Ngf3 Nc6.} 12. h3 Nf5 13. Re1 Qf6 14. Bc2 Rd8 15. Qd3 g6 16. Qd2 g5 17. Qd3 Bc7 18. Be3 Nxe3 19. Rxe3 Bb6 20. Nbd4 Bd7 21. Rae1 Kf8 22. Nxc6 bxc6 {1-0 (35) Mamedyarov,S (2764)-Ivanchuk,V (2678) Chess.com INT 2020} 1/2-1/2

[Event "Aktobe Open 2022"]
[Site "Aktobe"]
[Date "2022.06.18"]
[Round "7.2"]
[White "Vakhidov, Jakhongir"]
[Black "Utegaliyev, Azamat"]
[Result "1-0"]
[ECO "D14"]
[WhiteElo "2552"]
[BlackElo "2463"]
[Annotator "TA"]
[PlyCount "117"]
[EventDate "2022.06.14"]
[EventType "swiss"]
[EventCountry "KAZ"]
[SourceTitle "playchess.com"]
[Source "ChessBase"]
[SourceQuality "1"]
[TimeControl "5400+30"]

1. c4 c6 2. Nc3 d5 3. d4 Nf6 4. cxd5 cxd5 5. Bf4 Nc6 6. e3 Bf5 7. Nf3 e6 8. Be2 Bd6 9. Ne5 $1 {[%emt 0:00:11][%mdl 4] is currently scoring better than 9.Bxd6. D14: Slav Defence: Exchange variation with ...Bf5.} O-O 10. Nxc6 bxc6 11. Bxd6 {[%emt 0:00:08] White has an edge.} Qxd6 12. O-O Rab8 13. Na4 {[%emt 0:01:11][%cal Bc3a4,Ba4c5,Bc5b3,Bb3a5,Ba5c6,Bc6e5][%mdl 32] [#]} e5 $146 ({Predecessor:} 13... Nd7 14. Rc1 Rfc8 15. Qd2 c5 16. dxc5 Nxc5 17. Nxc5 Rxc5 18. Rxc5 Qxc5 19. Rc1 Qb6 {½-½ (42) Krizek,F (2141)-Roubalik,J (2103) Czech Republic 2006}) 14. Rc1 e4 15. Rc3 h5 16. Qc2 Rbc8 (16... Rfc8 $14) 17. Rc1 Bd7 (17... Ng4 $142 18. Bxg4 hxg4) 18. Nc5 $16 Ng4 19. Bxg4 Bxg4 20. h3 Bf5 21. Nb3 $1 Bd7 {[%emt 0:16:00] [#]} 22. Na5 $1 Qg6 (22... g5 $16 {was worth a try.} 23. Nxc6 Bxc6) 23. Nxc6 $18 Rce8 {[%emt 0:00:05] Against Ne7+} (23... Qg5 $142) 24. Ne5 Rxe5 25. dxe5 Bxh3 26. f4 Be6 27. Qf2 Qg4 28. Kh2 h4 29. Rc6 Rb8 30. b3 g6 31. Rd6 Rb7 32. Rc5 Kg7 33. Rdc6 Rd7 34. Rd6 {[%emt 0:02:42] aiming for Rxd7.} Rb7 35. Rd8 Qh5 36. Rc1 Qg4 37. Rc2 Kh7 38. Rc1 Kg7 $1 39. Kh1 Qh5 (39... h3 $16 {might work better.} 40. g3 Qf3+ 41. Qxf3 exf3) 40. Kg1 Qg4 41. Kf1 a5 {[%emt 0:00:30] [#]} (41... Rb6 $142 42. Kg1 Rb7) 42. Kg1 (42. Qe2 $1 $18 ) 42... a4 (42... h3 $16 43. g3 a4) 43. bxa4 {[%emt 0:01:08] a5 is the strong threat.} h3 44. a5 {[%emt 0:00:55] Threatens to win with a6.} Qh5 $2 (44... Rc7 45. Rb1 (45. Rxc7 Qd1+ 46. Kh2 hxg2 $16) 45... Bd7) 45. a6 Ra7 46. Rd6 (46. Rb1 $142 {Black must now prevent Rbb8.} hxg2 47. Qxg2 Rxa6 48. Qg5) 46... Qg4 $2 (46... hxg2 47. Qxg2 Ra8) 47. g3 h2+ 48. Qxh2 {[%emt 0:01:06] And now Rd8 would win.} Ra8 {[%emt 0:00:00] Inhibits Rd8.} 49. a7 $2 (49. f5 $18 Qxf5 50. Qf2 Qxe5 51. Rb6) 49... Rh8 $1 $11 50. Qg2 Ra8 $2 (50... Rh3 $11 51. Kf2 (51. a8=Q Rxg3 52. Rc2 Qd1+ 53. Kh2 Rxg2+ 54. Rxg2 Qh5+ 55. Kg3 Qg4+ 56. Kf2 Qf3+ 57. Kg1 Qd1+ 58. Kh2 Qh5+ 59. Kg3 Qh3+ 60. Kf2 Qf3+ 61. Kg1 Qd1+ 62. Kh2 $11) 51... Qh5) 51. Ra6 $18 Bf5 52. Ra3 Qh5 53. Qh2 {[%emt 0:00:18] Strongly threatening Qxh5.} Qf3 54. Rf1 Qg4 55. Rb3 (55. Qh4 $142) 55... Rh8 (55... Rxa7 $142 56. Rb8 Qh3 57. Qxh3 Bxh3) 56. Qg2 Ra8 57. Rb8 Rxa7 58. Qh2 Bc8 (58... Qh3 $18 59. Qxh3 Bxh3) 59. f5 {[%emt 0:03:01] Weighted Error Value: White=0.32/Black=0.32} 1-0